 Dungeon Crawl Stone Soup version 0.31-a0-1591-g515db51633 (webtiles) character file.

Game seed: 15937762546708837805

1495 MisterAzrael the Magician (level 8, -9/40 (41) HPs)
             Began as a Deep Elf Conjurer on Jan 7, 2024.
             Mangled by a wight
             ... wielding a +5 great sword
              (10 damage)
             ... on level 7 of the Dungeon.
             The game lasted 00:10:50 (5317 turns).

MisterAzrael the Magician (Deep Elf Conjurer)       Turns: 5317, Time: 00:10:51

HP:   -9/40 (41)    AC:  5    Str:  4    XL:     8   Next: 51%
MP:   12/20         EV: 13    Int: 26    God:
Gold: 257           SH:  0    Dex: 13    Spells: 8/21 levels left

rFire   . . .        (no weapon)
rCold   . . .        (no shield)
rNeg    . . .        a - +0 robe
rPois   .            g - +1 helmet
rElec   .            (no cloak)
rCorr   .            (no gloves)
SInv    .            u - +0 pair of boots
Will    .....        (no amulet)
Stlth   +++          (no ring)
HPRegen 0.26/turn    (no ring)
MPRegen 0.17/turn

%: no passive effects
@: lethally poisoned (-9 -> -13), lightly drained
A: no striking features
a: no special abilities


You were on level 7 of the Dungeon.
You visited 1 branch of the dungeon, and saw 8 of its levels.

You collected 257 gold pieces.

Inventory:

Missiles
 s - 2 throwing nets
Armour
 a - a +0 robe (worn)
 g - a +1 helmet (worn)
 u - a +0 pair of boots (worn)
Jewellery
 j - an amulet of faith
Wands
 q - a wand of roots (9)
Scrolls
 b - 2 scrolls of teleportation {unknown}
 c - 2 scrolls of immolation {unknown}
 d - 2 scrolls of revelation {unknown}
 e - a scroll of fear {unknown}
 f - 2 scrolls of identify {unknown}
 i - 2 scrolls of vulnerability {unknown}
 n - a scroll of blinking {unknown}
 w - a scroll of acquirement {unknown}
Potions
 h - a potion of lignification
 k - a potion of berserk rage {unknown}
 l - 2 potions of enlightenment
 m - a potion of brilliance {unknown}
 o - a potion of degeneration {unknown}
 p - a potion of curing {unknown}
 r - a potion of might {unknown}
 t - 3 potions of mutation {unknown}
 v - a potion of haste {unknown}
 x - a potion of invisibility {unknown}


   Skills:
 - Level 4.4 Dodging
 - Level 4.5 Stealth
 + Level 7.0 Spellcasting
 + Level 6.9 Conjurations
 + Level 4.6 Translocations
 * Level 5.5 Alchemy


You had 8 spell levels left.
You knew the following spells:

 Your Spells              Type           Power      Damage    Failure   Level
a - Magic Dart            Conj           100%       1d8       1%          1
b - Searing Ray           Conj           90%        2d7       1%          2
c - Fulminant Prism       Conj/Alch      20%        3d12      4%          4
d - Blink                 Tloc           66%        N/A       1%          2
e - Iskenderun's Mystic   Conj/Tloc      39%        2d9       6%          4

Your spell library contained the following spells:

 Spells                   Type           Power      Damage    Failure   Level
 Lesser Beckoning         Tloc           66%        N/A       1%          2
 Gell's Gravitas          Tloc           33%        N/A       2%          3
 Teleport Other           Tloc           33%        N/A       2%          3
 Call Imp                 Summ           18%        N/A       10%         2


Dungeon Overview and Level Annotations

Branches:
Dungeon (8/15)
 Temple: D:4-7         Lair: D:8-11

Altars:
Okawaru
Zin

Shops:
D:3 (


Message History

The jelly is knocked back by the mystic blast.
The mystic blast hits the howler monkey.
The howler monkey is moderately wounded.
The howler monkey is knocked back by the mystic blast.
The howler monkey slams into the rock wall!
The howler monkey is severely wounded.
The howler monkey hits you.
Casting: Iskenderun's Mystic Blast (quite dangerous; 6% risk of failure)
Confirm with . or Enter, or press ? or * to list all spells.
Aiming: Searing Ray (safe; 1% risk of failure)
Press: ? - help, Shift-Dir - straight line, f - wight
Aim: a wight, wielding a +2 mace of freezing and wearing a +0 robe (moderately damaged, 82% to hit)
The searing ray hits the wight.
The wight is heavily damaged. (Press . to maintain the ray.)
The howler monkey hits you.
The searing ray misses the wight.
The howler monkey hoots and howls with incredible vigour!
The wight hits you with a +2 mace of freezing.
The wight freezes you.
You hear a shout!
The searing ray hits the wight!
The wight is almost destroyed.
The howler monkey hits you!
* * * LOW HITPOINT WARNING * * *
The scorpion stings you.
* * * LOW HITPOINT WARNING * * *
You are lethally poisoned!
The scorpion poisons you! The jelly hits you but does no damage.
The wight completely misses you.
* * * LOW HITPOINT WARNING * * *
You feel very sick. The howler monkey closely misses you.
The scorpion barely misses you. The jelly hits you but does no damage.
The wight closely misses you. The howler monkey closely misses you.
The scorpion barely misses you.
You climb downwards.
* * * LOW HITPOINT WARNING * * *
You feel sick. The wight closely misses you. The wight misses you.
The wight hits you with a +5 great sword!
You die...

.#.# ...# #..## .
#...## ## . ...
##....######.####..
....#.....#............
#...........zJs......
##.>......z@h......
#...........z......
#...#..............
#...#..............
#...#..............
#...##..........).#
#...###..........##
#...# ############


You could see a scorpion, a howler monkey, a jelly and 3 wights.

Vanquished Creatures
  Sigmund (D:3)
  Pargi (D:3)
  An orc warrior (D:8)
  A sky beast (D:8)
  A centaur (D:5)
  An ogre (D:3)
  A phantom (D:4)
  A bullfrog (D:8)
  A gnoll sergeant (D:5)
  A wight (D:8)
  5 orc priests
  3 hounds
  Ijyb (D:3)
  3 orc wizards
  9 gnolls
  9 adders
  A shadow imp (D:8)
  2 white imps
  A ribbon worm (D:5)
  3 dart slugs
  19 orcs
  8 endoplasms
  3 giant cockroaches
  8 goblins
  6 hobgoblins
  2 jackals (D:2)
  11 kobolds
  A quokka (D:5)
  7 ball pythons
  3 bats
  A frilled lizard (D:3)
  4 rats
120 creatures vanquished.

Vanquished Creatures (others)
  3 fulminant prisms
3 creatures vanquished.

Grand Total: 123 creatures vanquished

Notes
Turn   | Place    | Note
-------+----------+-------------------------------------------
     0 | D:1      | MisterAzrael the Deep Elf Conjurer began the quest for the
                  | Orb.
     0 | D:1      | Reached XP level 1. HP: 10/10 MP: 6/6
   249 | D:1      | Reached XP level 2. HP: 15/15 MP: 5/8
   790 | D:2      | Reached XP level 3. HP: 19/19 MP: 7/10
   855 | D:2      | Found a faded altar of an unknown god.
  1201 | D:2      | Identified the +2 leather armour "Ajufrul" {^Contam Str+5}
  1488 | D:2      | Reached XP level 4. HP: 24/24 MP: 6/11
  1796 | D:3      | Learned a level 2 spell: Searing Ray
  1801 | D:3      | Learned a level 4 spell: Fulminant Prism
  1804 | D:3      | Learned a level 2 spell: Blink
  1830 | D:3      | Noticed Pargi
  1842 | D:3      | Killed Pargi
  1843 | D:3      | Reached skill level 4 in Spellcasting
  1843 | D:3      | Reached skill level 5 in Conjurations
  1843 | D:3      | Reached skill level 1 in Translocations
  1843 | D:3      | Reached XP level 5. HP: 21/28 MP: 8/13
  1950 | D:3      | Found a glowing silver altar of Zin.
  2222 | D:3      | Noticed Sigmund
  2241 | D:3      | Killed Sigmund
  2242 | D:3      | Reached XP level 6. HP: 32/32 MP: 9/15
  2319 | D:3      | Noticed Ijyb
  2329 | D:3      | Killed Ijyb
  2330 | D:3      | Reached skill level 5 in Spellcasting
  2399 | D:3      | Found Jogh's Antique Weapon Shoppe.
  2512 | D:3      | Reached skill level 1 in Alchemy
  2601 | D:3      | Found an iron altar of Okawaru.
  2945 | D:4      | Reached XP level 7. HP: 36/36 MP: 5/17
  4063 | D:5      | Entered Level 5 of the Dungeon
  4235 | D:5      | Reached skill level 6 in Spellcasting
  4552 | D:5      | Reached XP level 8. HP: 37/41 MP: 13/19
  4614 | D:5      | Learned a level 4 spell: Iskenderun's Mystic Blast
  4828 | D:5      | You fall into a shaft and drop 3 floors!
  5086 | D:8      | Reached skill level 5 in Alchemy
  5266 | D:8      | Reached skill level 7 in Spellcasting
  5317 | D:7      | HP: 1/40 [poisoned by a scorpion]
  5317 | D:7      | Mangled by a wight

Illustrated notes

Levels and vault maps discovered:
D:1:      dpeg_arrival_simpleton_a, layout_rooms, st_stairs_3,
          minmay_pentomino_x4
D:2:      cheibrodos_old_hovel, layout_basic, ebering_ecumenical_altar_hall
D:3:      layout_loops_ring, okawaru_altar_gauntlet_db,
          mainiacjoe_overflow_alcove_4, serial_shops, nicolae_shop_trees,
          uniq_sigmund, uniq_ijyb, uniq_pargi
D:4:      layout_cave_pools
D:5:      layout_rooms, lemuel_round_altar, serial_shops, nicolae_shop_trees
D:6:      cheibrodos_fertilizer, layout_cave_pods, elyvilon_altar_1,
          xom_teletrap_fun, minmay_temple_entry_enclosed_plants,
          uniq_blork_the_orc, uniq_jeremiah
D:7:      layout_rooms, marbit_many_paths, minitemple
D:8:      minmay_spotlight, layout_loops_corners, lemuel_tele_altar,
          serial_shops, nicolae_square_shop, serial_demonic, serial_demonic_a,
          serial_demonic_e, serial_demonic_d, serial_demonic_c

Skill      XL: |  1  2  3  4  5  6  7  8 |
---------------+-------------------------+-----
Stealth        | 3 4 |  4.5
Dodging        | 3 4 |  4.4
Spellcasting   | 4 5 6 7 |  7.0
Conjurations   | 5 6 |  6.9
Translocations | 1 2 3 4 |  4.6
Alchemy        | 1 4 5 |  5.5

Action                     |  1- 3 |  4- 6 |  7- 9 || total
---------------------------+-------+-------+-------++-------
  Melee: Unarmed           |       |     1 |       ||     1
   Cast: Magic Dart        |    65 |    45 |   101 ||   211
         Searing Ray       |       |     8 |    28 ||    36
         Fulminant Prism   |       |       |     3 ||     3
         Iskenderun's Myst |       |       |     2 ||     2
         Blink             |       |       |     1 ||     1
    Use: Potion            |       |     1 |     2 ||     3
 Armour: Robe              |       |    16 |    42 ||    58
         Skin              |       |       |     1 ||     1
  Dodge: Dodged            |     3 |    14 |    56 ||    73

Table legend: (Time is in decaauts)
 A = Elapsed time spent in this place.
 B = Non-inter-level travel time spent in this place.
 C = Inter-level travel time spent in this place.
 D = Time resting spent in this place.
 E = Time spent auto-exploring this place.
 F = Levels seen in this place.
 G = Mean time per level.
                   A        B        C        D        E       F      G
               +--------+--------+--------+--------+--------+-----+--------+
         Total |   5321 |   5228 |     93 |    932 |   3542 |   8 |  665.1 |
       Dungeon |   5321 |   5228 |     93 |    932 |   3542 |   8 |  665.1 |
               +--------+--------+--------+--------+--------+-----+--------+

Top non-repeatable levels by time:
     D:3: 1361 daAuts
     D:2: 1007 daAuts
     D:4: 927 daAuts
     D:1: 769 daAuts
     D:5: 621 daAuts
     D:8: 466 daAuts
     D:6: 151 daAuts
     D:7: 17 daAuts
